[Event "*** Titled Tuesday Blitz"]
[Site "Chess.com"]
[Date "2020.04.21"]
[Round "2"]
[White "Oglob71"]
[Black "SPEEDSKATER"]
[Result "0-1"]
[WhiteElo "2452"]
[BlackElo "2780"]
[TimeControl "180+1"]
[EndTime "10:17:40 PDT"]
[Termination "SPEEDSKATER won by resignation"]

1. Nf3 e6 2. c4 d5 3. d4 Nf6 4.
Bg5 Bb4+ 5. Nc3 h6 6. Bxf6 Qxf6 7.
e3 O-O 8. Qb3 c5 9. dxc5 Na6 10.
Rd1 Bxc3+ 11. Qxc3 Qxc3+ 12. bxc3 dxc4 13. c6 bxc6 14. Bxc4 Nc5 15. O-O Bb7 16. Rb1 Rfd8 17. Rfc1 Kf8 18.
Nd4 Rab8 19. f3 Ba8 20. Kf1 Ke7 21. Ke2 g6 22. Nb3 Na4 23. Rc2 Nb6 24. Ba6 Nd5 25. Rd1 Nc7 26. Bd3 g5 27. e4 Nb5 28. Bxb5 cxb5 29. Rxd8 Rxd8 30. Rd2 Rc8 31. Kd3 a6 32. Nd4 Rc4 33. Rb2 Ra4 34. Nc2 f5 35. exf5 exf5 36.
a3 g4 37. fxg4 fxg4 38. g3 Be4+ 39. Kd2 Bxc2 40. Kxc2 Rxa3 41. Rb4 Ra4 42. Rb1 Ra2+ 43. Kb3 Rxh2 44. Re1+ Kf6 45. Re4 h5 46. Rf4+ Kg5 47. Rd4 Rg2 48. Rd3 Rf2 49. Kb4 Rf3 50. Rd5+ Rf5 51. Rd6 h4 52. gxh4+ Kxh4 53. Rxa6 g3 54. Rh6+ Rh5 55. Rg6 Rg5 56. Rh6+ Kg4 57. Rh1 g2 58. Rd1 Kh3 59. c4 bxc4 0-1

[Event "*** Titled Tuesday Blitz"]
[Site "Chess.com"]
[Date "2020.04.21"]
[Round "2"]
[White "Dedic8"]
[Black "The_Machine04"]
[Result "1-0"]
[WhiteElo "2786"]
[BlackElo "2349"]
[TimeControl "180+1"]
[EndTime "10:17:40 PDT"]
[Termination "Dedic8 won by checkmate"]

1. e4 d6 2. d4 Nf6 3. Nc3 e5 4. Nf3 Nbd7 5. Rg1 Be7 6. g4 d5 7.
exd5 e4 8. Ne5 Bb4 9. Bg5 O-O 10. a3 Bxc3+ 11. bxc3 Nxe5 12. dxe5 Qxd5 13. Bxf6 Qxd1+ 14. Rxd1 gxf6 15. exf6 Be6 16. Bg2 Rad8 17. Bxe4 Rxd1+ 18. Kxd1 Rd8+ 19. Kc1 b6 20. g5 Re8 21. Bc6 Rd8 22.
Rd1 Rf8 23. Bd7 Bc4 24. Rd4 Be2 25. Rh4 Rd8 26. Bf5 Rd1+ 27. Kb2 Rd5 28. Bxh7+ Kf8 29. Bd3 Rxg5 30. Rh8+ Rg8 31. Rxg8+ Kxg8 32. Bxe2 Kh7 33. Bh5 Kh6 34. Bxf7 Kg5 35. Bd5 Kxf6 36. h4 Ke5 37.
c4 Kf4 38. f3 Kf5 39. Be4+ Kf4 40. c5 Ke5 41. c6 Kf4 42. Kc3 a5 43. Kc4 Ke5 44.
a4 Kf4 45. Kb5 Ke5 46. Ka6 Kd6 47. h5 Ke7 48. h6 Kf7 49. h7 Kg7 50. c4 Kh8 51.
Kb7 Kg7 52. Kxc7 b5 53. cxb5 Kf7 54. Kd6 Kg7 55. c7 Kf7 56. c8=Q Kg7 57. h8=Q+ Kf7 58. Qce8# 1-0

[Event "*** Titled Tuesday Blitz"]
[Site "Chess.com"]
[Date "2020.04.21"]
[Round "2"]
[White "RubensCezila"]
[Black "politeplayer"]
[Result "1-0"]
[WhiteElo "2432"]
[BlackElo "2170"]
[TimeControl "180+1"]
[EndTime "10:17:40 PDT"]
[Termination "RubensCezila won by resignation"]

1. c4 Nf6 2. Nc3 g6 3. g3 Bg7 4. Bg2 c5 5. h4 Nc6 6. d3 d6 7.
Bg5 h6 8. Bd2 Bg4 9. Nf3 Qd7 10.
a3 Rb8 11. Rb1 a6 12. b4 cxb4 13. axb4 b5 14. cxb5 axb5 15. Qb3 Be6 16. Qc2 O-O 17. O-O Rfc8 18. Rfc1 Bh3 19. Qd1 Bxg2 20. Kxg2 Qg4 21.
e4 Nd7 22. Nd5 Qe6 23. Nf4 Qg4 24. Nd5 Qe6 25. Be3 Nce5 26. Nd4 Rxc1 27. Rxc1 Qg4 28. f3 Qh5 29. Nf4 Ng4 30. fxg4 Qe5 31. Nc6 Qb2+ 32. Rc2 Ra8 33. Rxb2 Bxb2 34. Qb3 Be5 35. Nxg6 e6 36. Ngxe5 Nxe5 37. Nxe5 dxe5 38. Bxh6 Kh7 39. Be3 Ra1 40. d4 Re1 41. d5 exd5 42. exd5 e4 43. d6 Re2+ 44. Kf1 1-0

[Event "*** Titled Tuesday Blitz"]
[Site "Chess.com"]
[Date "2020.04.21"]
[Round "2"]
[White "KingChess345"]
[Black "Tonychess32"]
[Result "0-1"]
[WhiteElo "2087"]
[BlackElo "2624"]
[TimeControl "180+1"]
[EndTime "10:17:41 PDT"]
[Termination "Tonychess32 won by checkmate"]

1. d4 Nf6 2. Nf3 e6 3. g3 d5 4. Bg2 Be7 5. O-O O-O 6. c4 dxc4 7. Qc2 a6 8. Qxc4 Bd7 9. Ne5 Bb5 10. Qc2 Nc6 11. Nxc6 Bxc6 12. Bxc6 bxc6 13. Rd1 Qd5 14. Nc3 Qh5 15. Kg2 Rfd8 16. Bf4 Bd6 17. Be3 Ng4 18. h3 Nxe3+ 19. fxe3 Qg5 20. Ne4 Qd5 21. Kh2 f5 22.
Nxd6 cxd6 23. Qb3 Qxb3 24. axb3 Rdb8 25. Ra3 Rb6 26. Rc1 Kf7 27. Kg2 Ke7 28. Kf3 Kd7 29. e4 g6 30. exf5 gxf5 31. e4 Rab8 32. Rc3 Rf8 33. exf5 Rxf5+ 34. Ke4 d5+ 35. Ke3 e5 36. dxe5 Rxe5+ 37. Kd2 d4 38. Rd3 c5 39. Ra5 Rbe6 40.
b4 Re2+ 41. Kc1 Re1+ 42. Kc2 R1e2+ 43. Kb3 R2e3 44. Rxe3 dxe3 45. Kc4 e2 46. Ra1 e1=Q 47. Rxe1 Rxe1 48. bxc5 Kc6 49. b4 Re3 50. g4 Rxh3 51.
b5+ axb5+ 52. Kb4 Rh4 53. Ka5 Kxc5 54. Ka6 Rxg4 55. Ka5 Ra4# 0-1

[Event "*** Titled Tuesday Blitz"]
[Site "Chess.com"]
[Date "2020.04.21"]
[Round "2"]
[White "adricalderon8"]
[Black "Tapuah"]
[Result "0-1"]
[WhiteElo "2418"]
[BlackElo "2847"]
[TimeControl "180+1"]
[EndTime "10:17:41 PDT"]
[Termination "Tapuah won by resignation"]

1. e3 Nf6 2. d4 g6 3. Nf3 Bg7 4. b3 O-O 5. Bb2 d6 6. Nbd2 c5 7. Be2 Nc6 8. O-O Re8 9. Re1 cxd4 10. exd4 d5 11. Bf1 Bf5 12. c3 Qc7 13. Rc1 Rad8 14.
h3 Bh6 15. g4 Nxg4 16. hxg4 Bxg4 17. Bg2 e5 18. Nf1 e4 19. Rc2 exf3 20. Rxe8+ Rxe8 21. Bxf3 Bxf3 22. Qxf3 Re4 23. Ng3 Re1+ 24. Kg2 Qd7 25. Ba3 f5 26. Re2 Rxe2 27. Nxe2 Qe6 28. Nf4 Bxf4 29.
Qxf4 Qe4+ 30. Qxe4 fxe4 31. Kg3 Kf7 32. Bd6 Ke6 33. Bc7 Kf5 34. a4 g5 35. Kg2 h5 36. Bd6 Kg4 37. Bc7 h4 38. Bd6 h3+ 39. Kf1 Kf3 40. Bc7 Ne7 41. c4 e3 42.
fxe3 g4 43. c5 g3 44. Kg1 Nf5 45. b4 h2+ 46. Kh1 Kf2 0-1

[Event "*** Titled Tuesday Blitz"]
[Site "Chess.com"]
[Date "2020.04.21"]
[Round "2"]
[White "Tashik"]
[Black "mirochka"]
[Result "1-0"]
[WhiteElo "2549"]
[BlackElo "2167"]
[TimeControl "180+1"]
[EndTime "10:17:41 PDT"]
[Termination "Tashik won on time"]

1. c4 Nf6 2. Nc3 e6 3. e4 c5 4. e5 Ng8 5. Nf3 Nc6 6. d4 cxd4 7. Nxd4 Nxe5 8. Ndb5 f6 9. Be3 Bb4 10. a3 Bxc3+ 11.
bxc3 b6 12. Qd6 Kf7 13. Nc7 Rb8 14. Nxe6 Qe8 15. Nxg7 Kxg7 16. Qxb8 Ne7 17. Be2 Nf5 18. O-O Nxe3 19. fxe3 Qg6 20. Bf3 Ba6 21. Qd6 Bxc4 22.
Qe7+ Bf7 23. Bd5 Rc8 24. Bxf7 Qxf7 25. Qxf7+ Kxf7 26. Rac1 Ke6 27. Rfd1 Rc4 28. Rd4 Rc5 29. Kf2 d5 30. Rc2 Ra5 31. a4 Rc5 32. Rh4 h6 33. h3 Nd3+ 34. Ke2 Nb4 35. Rxb4 1-0

[Event "*** Titled Tuesday Blitz"]
[Site "Chess.com"]
[Date "2020.04.21"]
[Round "2"]
[White "Blagorod"]
[Black "serhanberat_ozdemir"]
[Result "0-1"]
[WhiteElo "2124"]
[BlackElo "2409"]
[TimeControl "180+1"]
[EndTime "10:17:41 PDT"]
[Termination "serhanberat_ozdemir won by resignation"]

1. e4 c5 2. Nc3 e6 3. g3 d5 4. d3 dxe4 5. dxe4 Qxd1+ 6. Nxd1 Nc6 7. c3 b6 8. Bg2 Bb7 9. e5 Nge7 10. Ne2 h5 11. h3 O-O-O 12. f4 g5 13. O-O gxf4 14. gxf4 Nf5 15. Nf2 Be7 16. Kh2 Rhg8 17. Ne4 Na5 18.
N2g3 Nxg3 19. Nxg3 Bxg2 20. Kxg2 h4 21. b4 Rxg3+ 22.
Kf2 Nc4 23. a4 cxb4 24. cxb4 Bxb4 25. Ra2 Bc5+ 26. Ke2 Rg2+ 27. Kf3 Rxa2 28. Kg4 Rg2+ 29. Kf3 Rg3+ 30. Ke2 Be3 31. Re1 Bxc1 32. Rxc1 Rd2+ 33. Kf1 Rf3+ 34. Kg1 Rg3+ 35. Kf1 Rd1+ 36. Rxd1 Ne3+ 37. Kf2 Nxd1+ 38. Ke2 Rxh3 0-1

[Event "*** Titled Tuesday Blitz"]
[Site "Chess.com"]
[Date "2020.04.21"]
[Round "2"]
[White "MisiekZielony"]
[Black "EfM13"]
[Result "0-1"]
[WhiteElo "2040"]
[BlackElo "2389"]
[TimeControl "180+1"]
[EndTime "10:17:41 PDT"]
[Termination "EfM13 won on time"]

1. c4 d6 2. Nc3 e5 3. g3 f5 4. Bg2 Nf6 5. d3 g6 6. e4 Bg7 7. Nge2 O-O 8. O-O c6 9. exf5 gxf5 10. Bg5 h6 11. Bh4 Be6 12. Qd2 Nbd7 13. f4 Qb6+ 14. Kh1 Ng4 15. Bf3 Qe3 16. Qxe3 Nxe3 17. Rf2 Nc5 18. Nc1 exf4 19. gxf4 Rfe8 20. Rd2 a5 21.
N1e2 Kh8 22. h3 Rac8 23. Bf2 Nxc4 24. dxc4 Bxc4 25. Bd4 Bxd4 26. Nxd4 Ne4 0-1

[Event "*** Titled Tuesday Blitz"]
[Site "Chess.com"]
[Date "2020.04.21"]
[Round "2"]
[White "alex_zapata"]
[Black "kuba2006"]
[Result "1-0"]
[WhiteElo "2252"]
[BlackElo "2446"]
[TimeControl "180+1"]
[EndTime "10:17:42 PDT"]
[Termination "alex_zapata won by checkmate"]

1. e4 Nf6 2. e5 Nd5 3. d4 d6 4. f4 Nc6 5. c4 Nb6 6. d5 Nb8 7. Nf3 e6 8. Nc3 Be7 9. Be3 Na6 10. Be2 O-O 11. O-O dxe5 12. fxe5 exd5 13. Nxd5 Bc5 14. Bxc5 Nxc5 15. Qc2 Nxd5 16. cxd5 Qxd5 17. Rfd1 Qe4 18. Qxc5 Qxe2 19. Rd2 Qe4 20. Qxc7 Bg4 21. Re1 Qb4 22.
Rd4 Qxb2 23. Rxg4 Rac8 24. Qe7 Rc2 25. Qf6 g6 26. Qh4 Qb6+ 27. Kh1 Kh8 28. Qh6 Rg8 29. Rh4 Rg7 30. Ng5 Qf2 31. Rg1 Re2 32. Nxh7 Qxh4 33. Qxh4 Rxh7 34. Qd8+ Kg7 35. Qf6+ Kg8 36. Rd1 Rg7 37.
Rd8+ Kh7 38. Qh4# 1-0

[Event "*** Titled Tuesday Blitz"]
[Site "Chess.com"]
[Date "2020.04.21"]
[Round "2"]
[White "Pechen_Yeltsina"]
[Black "Megagigahiper3345"]
[Result "0-1"]
[WhiteElo "2791"]
[BlackElo "2573"]
[TimeControl "180+1"]
[EndTime "10:17:43 PDT"]
[Termination "Megagigahiper3345 won by checkmate"]

1. e4 c5 2. Nf3 d6 3. g3 g6 4. Bg2 Bg7 5. O-O Nc6 6. d3 Nf6 7. Nbd2 O-O 8. a4 a6 9. Nc4 Rb8 10. e5 dxe5 11. Nfxe5 Nxe5 12. Nxe5 Nd7 13. Nc4 b6 14.
Bf4 e5 15. Bd2 Qc7 16. Re1 Bb7 17. Qe2 Bxg2 18. Kxg2 Rbe8 19. Qf3 h6 20. Qd5 Nf6 21.
Qd6 Qxd6 22. Nxd6 Re6 23. Nc4 Nd5 24. f4 exf4 25. gxf4 b5 26. axb5 axb5 27. Ne5 Bxe5 28. Rxe5 Rxe5 29. fxe5 Kg7 30. c4 bxc4 31. dxc4 Nb6 32.
b3 Rd8 33. Bc3 Rd3 34. Rc1 Kf8 35. Rc2 Ke7 36. Kf2 Ke6 37. Ke2 Rh3 38. Kd1 Nd7 39. Kc1 Nxe5 40. Kb2 Nd3+ 41. Ka3 Re3 42. Ka4 f5 43.
Kb5 f4 44. b4 cxb4 45. Bd4 Re4 46. Bb6 b3 47. Rd2 b2 48. Rd1 Nc1 49. c5 b1=Q+ 50. Kc6 Qc2 51. Rd6+ Kf5 52. Kb7 Nb3 53. c6 Nc5+ 54.
Kc8 Ne6 55. h3 Re5 56. Kd7 f3 57. Ke7 f2 58. Bxf2 Qxf2 59. c7 Rc5 60. c8=Q Rxc8 61.
h4 Qa7+ 62. Rd7 Rc7 63. Kd6 Rxd7+ 64. Kc6 Qb7# 0-1

[Event "*** Titled Tuesday Blitz"]
[Site "Chess.com"]
[Date "2020.04.21"]
[Round "2"]
[White "tgpgoat"]
[Black "Gubajdullin"]
[Result "0-1"]
[WhiteElo "2166"]
[BlackElo "2427"]
[TimeControl "180+1"]
[EndTime "10:17:43 PDT"]
[Termination "Gubajdullin won by resignation"]

1. e4 c5 2. Nf3 Nc6 3. d4 cxd4 4.
Nxd4 Nf6 5. Nc3 e5 6. Ndb5 d6 7. Bg5 a6 8. Na3 b5 9. Nd5 Be7 10.
Bxf6 Bxf6 11. c3 Bg5 12. Be2 Rb8 13. Nc2 O-O 14. O-O Be6 15. Nce3 g6 16. a4 bxa4 17. Rxa4 Rxb2 18. Rxa6 Qc8 19. Rb6 Rxb6 20. Nxb6 Qb7 21. Nbc4 Rd8 22. Qc2 Ne7 23. Rd1 Qc7 24. Qb2 d5 25. exd5 Nxd5 26. Nxd5 Bxd5 27. Qb6 Qxb6 28. Nxb6 Bc6 29. Rxd8+ Bxd8 30. Nc4 e4 31. Nd2 f5 32. c4 Kf8 33. Nb3 Ke7 34. Nd4 Bd7 35. Kf1 Kd6 36. Ke1 Kc5 37. Nb3+ Kb4 38. Nd2 Bb6 39. g3 Kc3 40. Nb1+ Kb2 41. Nd2 Kc2 42. Bd1+ Kc3 43. Be2 Bxf2+ 44. Kxf2 Kxd2 45. c5 e3+ 46. Kf1 Bc6 47. Bc4 g5 48. h3 f4 49. h4 f3 50.
hxg5 e2+ 0-1

[Event "*** Titled Tuesday Blitz"]
[Site "Chess.com"]
[Date "2020.04.21"]
[Round "2"]
[White "Twitch_ElhamBlitz05"]
[Black "Salem-AR"]
[Result "0-1"]
[WhiteElo "2606"]
[BlackElo "2996"]
[TimeControl "180+1"]
[EndTime "10:17:44 PDT"]
[Termination "Salem-AR won by resignation"]

1. e4 c5 2. Ne2 d6 3. d4 cxd4 4. Nxd4 Nf6 5. f3 e6 6. c4 Be7 7. Nc3 O-O 8. Be3 b6 9. Be2 Bb7 10. O-O a6 11. Qd2 Nbd7 12. Rfd1 Rc8 13. Rac1 Qc7 14.
b3 Rfe8 15. Qe1 Qb8 16. Qf2 Bd8 17. a3 Bc7 18. g3 h6 19. b4 Qa8 20. Rb1 d5 21. exd5 exd5 22. Nxd5 Nxd5 23. cxd5 Bxd5 24. b5 Bd6 25. Nf5 Bf8 26. bxa6 Rc2 27. Rd2 Rxd2 28. Bxd2 Bc5 29. Be3 Rxe3 30. Nxe3 Qe8 31. Nxd5 Qxe2 32.
Qxc5 Nxc5 33. Rxb6 Nxa6 34. Rb8+ Nxb8 35. Nf4 Qxf3 0-1

[Event "*** Titled Tuesday Blitz"]
[Site "Chess.com"]
[Date "2020.04.21"]
[Round "2"]
[White "Dynamikus"]
[Black "thedjoker98"]
[Result "1-0"]
[WhiteElo "2722"]
[BlackElo "2505"]
[TimeControl "180+1"]
[EndTime "10:17:44 PDT"]
[Termination "Dynamikus won by resignation"]

1. e4 e5 2. f4 exf4 3. Bc4 c6 4. Nc3 Nf6 5. d4 Bb4 6. Bd3 d5 7. e5 Ne4 8. Nf3 Nxc3 9. bxc3 Bxc3+ 10. Bd2 Bxa1 11.
Qxa1 c5 12. dxc5 Nc6 13. O-O Qe7 14. Bxf4 Qxc5+ 15. Kh1 Be6 16. Rb1 Nb4 17. Be3 Qxe3 18. Rxb4 O-O 19. Rb3 Qc5 20. Qe1 h6 21. Rb4 Rac8 22.
Rh4 f6 23. Qg3 Qe3 24. Qg6 Rc6 25. Qh7+ Kf7 26. Bg6+ Ke7 27. Qxg7+ Bf7 28. h3 fxe5 29. Nxe5 Qe1+ 30. Kh2 Qxh4 31. Bxf7 Qf4+ 32. Kh1 Rxf7 33. Ng6+ Kd8 34. Qg8+ Rf8 35. Nxf8 Qxf8 36. Qxf8+ 1-0

[Event "*** Titled Tuesday Blitz"]
[Site "Chess.com"]
[Date "2020.04.21"]
[Round "2"]
[White "Gabrielian_Artur"]
[Black "ShahMatKanal"]
[Result "1/2-1/2"]
[WhiteElo "2712"]
[BlackElo "2510"]
[TimeControl "180+1"]
[EndTime "10:17:45 PDT"]
[Termination "Game drawn by repetition"]

1. d4 d5 2. Nf3 Nf6 3. Bf4 c5 4.
e3 cxd4 5. exd4 Nc6 6. Nbd2 Bg4 7.
c3 e6 8. Bb5 Bd6 9. Bg3 O-O 10.
O-O Qc7 11. Re1 a6 12. Bd3 b5 13. a3 Na5 14. Qc2 Bh5 15. Ne5 Bg6 16. Bxg6 hxg6 17. Ndf3 Ne4 18. Nd3 Nc4 19. Bxd6 Qxd6 20. Nfe5 Rfc8 21.
Qe2 a5 22. Qf3 Qe7 23. h3 Qf6 24.
Qxf6 gxf6 25. Nd7 Kg7 26. f3 Ned2 27. N7c5 a4 28. Re2 Rh8 29. Rd1 Nb3 30. Nxb3 axb3 31.
Nc5 Na5 32. Kf2 g5 33. Rde1 Rh4 34. Kg3 Rah8 35. Kf2 Rf4 36. Kg3 Rfh4 37. Kf2 Rf4 38. Nd3 Rfh4 39. Nc5 1/2-1/2

[Event "*** Titled Tuesday Blitz"]
[Site "Chess.com"]
[Date "2020.04.21"]
[Round "2"]
[White "ljuks68"]
[Black "Lagmantr"]
[Result "0-1"]
[WhiteElo "2337"]
[BlackElo "2718"]
[TimeControl "180+1"]
[EndTime "10:17:45 PDT"]
[Termination "Lagmantr won on time"]

1. e4 c6 2. d4 d5 3. e5 c5 4. Nf3 Nc6 5. c4 e6 6. Nc3 cxd4 7. Nxd4 Bc5 8. Nxc6 bxc6 9. Qg4 Ne7 10. Bd3 Ng6 11. O-O Rb8 12. Qg3 Ba6 13. Rd1 Qb6 14.
h4 Bd4 15. Bxg6 hxg6 16. Na4 Qb4 17. Rxd4 Qxa4 18. b3 Qa5 19. Bd2 Qd8 20. Rd1 c5 21. Rf4 d4 22. Bc1 Qc7 23. Re1 Bb7 24. Bd2 a5 25. a3 Ba8 26. b4 axb4 27. axb4 cxb4 28. Rxd4 b3 29. Rb1 b2 30. Bc3 O-O 31. Rxb2 Rxb2 32. Bxb2 Rb8 33. Ba3 Qc6 34. h5 gxh5 35. Qg5 g6 36.
Be7 Kh7 0-1

[Event "*** Titled Tuesday Blitz"]
[Site "Chess.com"]
[Date "2020.04.21"]
[Round "2"]
[White "SimonKnightRivendell"]
[Black "crazy_but_lazy"]
[Result "0-1"]
[WhiteElo "1911"]
[BlackElo "2369"]
[TimeControl "180+1"]
[EndTime "10:17:45 PDT"]
[Termination "crazy_but_lazy won by resignation"]

1. d4 Nf6 2. c4 e6 3. Nf3 b6 4.
g3 Bb7 5. Bg2 Be7 6. O-O O-O 7.
Nc3 Ne4 8. Qc2 f5 9. d5 Nxc3 10. Qxc3 Bf6 11. Qc2 exd5 12. Nd2 d6 13. cxd5 g6 14. e4 Bg7 15. Nb3 Nd7 16. Be3 Nc5 17. Nxc5 bxc5 18. Rac1 a5 19. Rfe1 Qf6 20. b3 Bc8 21.
Bd2 fxe4 22. Bc3 Qxc3 23. Qxc3 Bxc3 24. Rxc3 a4 25. Bxe4 axb3 26. axb3 Ra2 27. Rc2 Ra3 28. Rb2 Bg4 29. Kg2 Rb8 30. f3 Bd7 31. Reb1 Ra6 32. b4 Rab6 33. Kf2 cxb4 34. Ke3 Kf7 35. Kd4 Rb5 36. Rc1 R8b7 37. Bd3 Ra5 38. Rcb1 Ra4 39. Bc2 b3+ 0-1

[Event "*** Titled Tuesday Blitz"]
[Site "Chess.com"]
[Date "2020.04.21"]
[Round "2"]
[White "claudyna16"]
[Black "BaMBoMaTTo"]
[Result "1-0"]
[WhiteElo "2524"]
[BlackElo "2715"]
[TimeControl "180+1"]
[EndTime "10:17:46 PDT"]
[Termination "claudyna16 won on time"]

1. c4 Nf6 2. g3 e6 3. Bg2 d5 4. Nf3 dxc4 5. O-O a6 6. a4 Nc6 7. Na3 Na5 8. Qc2 Qd5 9. Rd1 Bd6 10. d3 cxd3 11. Rxd3 Qh5 12. Bg5 Ne4 13. Bd2 Nc6 14.
Nc4 Bc5 15. Be1 O-O 16. Rdd1 Nd6 17. Rab1 e5 18. Ncxe5 Nxe5 19. Nxe5 Qxe5 20. Rd5 Bxf2+ 21. Bxf2 Qe7 22. Rc1 c6 23. Rh5 g6 24. Rh4 Re8 25.
Bc5 Qe5 26. Qd2 Nf5 27. Re4 Qxe4 28. Bxe4 Be6 29. Bg2 Rad8 30. Qg5 Bd5 31. e4 h6 32.
Qf6 1-0

[Event "*** Titled Tuesday Blitz"]
[Site "Chess.com"]
[Date "2020.04.21"]
[Round "2"]
[White "Nara_Kh"]
[Black "machupichu10"]
[Result "0-1"]
[WhiteElo "2344"]
[BlackElo "2766"]
[TimeControl "180+1"]
[EndTime "10:17:46 PDT"]
[Termination "machupichu10 won by checkmate"]

1. e4 e5 2. Nf3 Nc6 3. Bb5 g6 4. O-O Bg7 5. c3 d6 6. d4 Bd7 7. Be3 a6 8. Ba4 Nf6 9. Nbd2 O-O 10. h3 h6 11. a3 Nh5 12. Bb3 Kh7 13. Bc2 Qf6 14. Nc4 Rad8 15. a4 Nf4 16. Bxf4 Qxf4 17. Ne3 Ne7 18. g3 Qf6 19. Kg2 h5 20. h4 Bh6 21. Qd3 Qe6 22. Rh1 f6 23. dxe5 dxe5 24. Nd5 c6 25. Nxe7 Qxe7 26. Qe2 Bg4 27. Rad1 Qc5 28.
Bb3 Qe7 29. Qc4 Qg7 30. Qc5 f5 31. Rxd8 Bxf3+ 32. Kxf3 fxe4+ 33. Kxe4 Rxd8 34. Qxe5 Qf8 35. Be6 Qxf2 36. Qc7+ Bg7 37. Qxd8 Qe2+ 38. Kf4 Be5+ 39. Kg5 Qe3# 0-1

[Event "*** Titled Tuesday Blitz"]
[Site "Chess.com"]
[Date "2020.04.21"]
[Round "2"]
[White "Filip_Covic"]
[Black "Benjoneliere44"]
[Result "0-1"]
[WhiteElo "2304"]
[BlackElo "2602"]
[TimeControl "180+1"]
[EndTime "10:17:46 PDT"]
[Termination "Benjoneliere44 won on time"]

1. d4 d6 2. e4 g6 3. Nc3 Bg7 4. g3 Nc6 5. Be3 e5 6. d5 Nce7 7. Bg2 f5 8. Nge2 Nf6 9. h3 O-O 10. Qd2 c6 11. Bh6 cxd5 12. exd5 Bd7 13. Bxg7 Kxg7 14. h4 b5 15. O-O b4 16. Nd1 a5 17.
Ne3 Bb5 18. Rfe1 Qb6 19. c4 bxc3 20. Nxc3 Bd7 21. Nc4 Qa6 22. Bf1 Qa7 23. Nxd6 Rad8 24. Rxe5 Nc8 25. Nxc8 Bxc8 26. d6 Qb6 27. Re7+ Kh8 28.
Rd1 Bb7 29. Bg2 Bxg2 30. Kxg2 f4 31. Qxf4 Qxb2 32. Qe5 Kg8 33. Nd5 Qxe5 34. Rxe5 Ng4 35. Re2 Kg7 36. Nf4 Kf6 37. Ne6 Rfe8 38. Nxd8 Rxe2 39.
d7 Ne3+ 40. Kg1 Nxd1 41. Nc6 Rd2 42. d8=Q+ Rxd8 43. Nxd8 Nc3 44. Nc6 a4 45. Nb4 Ke5 46.
a3 Kd4 47. f3 Nb5 48. Nc2+ Kc3 49. Ne3 Nxa3 50. g4 Nc4 51. Nd1+ Kc2 52. Nf2 a3 0-1

[Event "*** Titled Tuesday Blitz"]
[Site "Chess.com"]
[Date "2020.04.21"]
[Round "2"]
[White "Ariadna_Atreides"]
[Black "BIG_Pirate"]
[Result "0-1"]
[WhiteElo "2051"]
[BlackElo "2383"]
[TimeControl "180+1"]
[EndTime "10:17:46 PDT"]
[Termination "BIG_Pirate won on time"]

1. d4 d5 2. Nf3 c6 3. c4 dxc4 4.
a4 Nf6 5. e3 Be6 6. Na3 Bd5 7.
Nxc4 e6 8. Bd2 c5 9. Nce5 a6 10. Bc3 Nc6 11. Nxc6 Bxc6 12. Be2 Be7 13. O-O O-O 14.
dxc5 Bxc5 15. Ne5 Bd5 16. b4 Bd6 17. Qc2 Rc8 18. Qb2 Qe7 19. f3 Bxe5 20. Bxe5 Bc4 21. Bxf6 Qxf6 22. Qxf6 gxf6 23. Rfe1 Rfd8 24. Rac1 b5 25. axb5 axb5 26. Kf1 Rd2 27. Rcd1 Rb2 28. Rc1 Rxb4 29. Bxc4 Rcxc4 30. Ra1 Rc2 31. Ra8+ Kg7 32. Re2 Rb1+ 33. Kf2 Rbb2 0-1

[Event "*** Titled Tuesday Blitz"]
[Site "Chess.com"]
[Date "2020.04.21"]
[Round "2"]
[White "Cubitas"]
[Black "Evgeny81"]
[Result "0-1"]
[WhiteElo "2510"]
[BlackElo "2740"]
[TimeControl "180+1"]
[EndTime "10:17:47 PDT"]
[Termination "Evgeny81 won on time"]

1. e4 e6 2. d4 d5 3. e5 c5 4. c3 Qb6 5. Nf3 Bd7 6. a3 Bb5 7. Bxb5+ Qxb5 8. a4 Qa6 9. Na3 Nc6 10. Nb5 Qb6 11.
dxc5 Bxc5 12. b4 Bf8 13. Be3 Qd8 14. a5 Nh6 15. O-O Nf5 16. Bg5 Qd7 17. g4 a6 18. gxf5 axb5 19. Qd3 Be7 20. Rfe1 exf5 21. Qxb5 Bxg5 22. Nxg5 O-O 23. Rad1 Qe7 24. Nf3 Rfd8 25.
Rxd5 Rxd5 26. Qxd5 Rd8 27. Qc4 g5 28. e6 f6 29. a6 Kg7 30. axb7 Qxb7 31. Qc5 Ne7 32. Nd4 Rd5 33. Qc4 Re5 34. Rd1 Qe4 35. Qd3 Qg4+ 36.
Qg3 Qxd1+ 0-1

[Event "*** Titled Tuesday Blitz"]
[Site "Chess.com"]
[Date "2020.04.21"]
[Round "2"]
[White "Violord"]
[Black "Shant_Sargsyan"]
[Result "0-1"]
[WhiteElo "2605"]
[BlackElo "2988"]
[TimeControl "180+1"]
[EndTime "10:17:48 PDT"]
[Termination "Shant_Sargsyan won by resignation"]

1. e4 c5 2. Nf3 d6 3. c3 Nf6 4. Be2 Bd7 5. d3 Bc6 6. O-O Nbd7 7. Nbd2 e6 8. a4 Be7 9. Re1 O-O 10. Bf1 a6 11. d4 d5 12. e5 Ne4 13. Bd3 Nxd2 14. Bxd2 b5 15. a5 c4 16. Bb1 Re8 17. b4 cxb3 18.
Qxb3 Rc8 19. h4 Nf8 20. h5 Bb7 21. Re3 Qc7 22. Qd1 h6 23. Bd3 Nd7 24. g3 Qc6 25. Nh2 f5 26. g4 Bg5 27. gxf5 Bxe3 28. Bxe3 Nxe5 29. Bb1 exf5 30. Bxf5 Rc7 31. Ng4 Nxg4 32. Qxg4 Bc8 33. Qg6 Bxf5 34. Qxf5 Rf7 35. Qg4 Re4 36. Qg3 Qe6 37. Kh2 Rf5 38. Qh3 Qf7 0-1

[Event "*** Titled Tuesday Blitz"]
[Site "Chess.com"]
[Date "2020.04.21"]
[Round "2"]
[White "Funkmaus"]
[Black "Jbd735"]
[Result "0-1"]
[WhiteElo "2205"]
[BlackElo "2437"]
[TimeControl "180+1"]
[EndTime "10:17:48 PDT"]
[Termination "Jbd735 won by checkmate"]

1. d4 d5 2. Nf3 Nf6 3. c4 c6 4.
cxd5 cxd5 5. Nc3 Nc6 6. Bf4 Ne4 7. e3 Nxc3 8. bxc3 e6 9. Bd3 Bd6 10. Bg3 O-O 11. O-O Bxg3 12. hxg3 b6 13. c4 dxc4 14.
Bxc4 Bb7 15. Rc1 Rc8 16. Qa4 Na5 17. Be2 Qd5 18. Nh4 Bc6 19. Qa3 h6 20. Bf3 Qd7 21. Bxc6 Nxc6 22. Nf3 Qd5 23. Rc2 Ne5 24. Nxe5 Rxc2 25.
Qxa7 Qxa2 26. Qxb6 Rfc8 27. Qb7 R8c7 28. Qb8+ Kh7 29.
Qe8 Rc1 30. Rxc1 Rxc1+ 31. Kh2 Qxf2 32. Nxf7 Qg1+ 33. Kh3 Qh1+ 34. Kg4 Qd1+ 35. Kh3 Qh5# 0-1

[Event "*** Titled Tuesday Blitz"]
[Site "Chess.com"]
[Date "2020.04.21"]
[Round "2"]
[White "TommyWen1"]
[Black "Alopekos"]
[Result "0-1"]
[WhiteElo "2062"]
[BlackElo "2387"]
[TimeControl "180+1"]
[EndTime "10:17:48 PDT"]
[Termination "Alopekos won by checkmate"]

1. e4 c5 2. Nf3 e6 3. d4 cxd4 4.
Nxd4 Nc6 5. Nc3 Qc7 6. Qd3 Nf6 7. Nxc6 bxc6 8. Qg3 Qxg3 9. hxg3 d5 10. Bd3 Bc5 11. f3 a5 12. Na4 Bd6 13. Bf4 e5 14. Be3 Rb8 15. a3 Ke7 16. O-O-O Be6 17. Bc5 Rhd8 18.
g4 h6 19. Rhe1 Nd7 20. Bxd6+ Kxd6 21. exd5 cxd5 22. c4 Rdc8 23. Kb1 d4 24. Rc1 f6 25. Ka2 Rc7 26. b3 Rcb7 27. Ra1 Rxb3 28. Rab1 Rxd3 29. Rxb8 Nxb8 30. Rb1 Bxc4+ 31. Ka1 Rxa3+ 32. Kb2 Rxa4 33. Kc2 Rb4 34. Ra1 Nc6 35. Kd2 Rb2+ 36. Ke1 Rxg2 37.
Ra3 Nb4 38. Rxa5 Nc2+ 39. Kd1 Ne3+ 40. Kc1 d3 41. Ra8 d2+ 42. Kb2 d1=Q+ 43. Ka3 Qb3# 0-1

[Event "*** Titled Tuesday Blitz"]
[Site "Chess.com"]
[Date "2020.04.21"]
[Round "2"]
[White "11kevin"]
[Black "eljanov"]
[Result "0-1"]
[WhiteElo "2559"]
[BlackElo "2809"]
[TimeControl "180+1"]
[EndTime "10:17:49 PDT"]
[Termination "eljanov won by resignation"]

1. d4 Nf6 2. c4 e6 3. Nc3 Bb4 4. e3 O-O 5. Bd2 d5 6. Nf3 b6 7. cxd5 exd5 8. Rc1 Bb7 9. Bd3 a6 10. O-O Nbd7 11. Ne5 c5 12. Qf3 Nxe5 13. dxe5 Ne4 14. Qh3 g6 15. Be1 Qe7 16. f4 Bxc3 17. bxc3 Qe6 18.
Qh6 f6 19. Bxe4 dxe4 20. c4 fxe5 21. Bc3 Rad8 22. Bxe5 Rf7 23. Rcd1 Rd3 24. h4 Bc8 25. h5 Qg4 26. hxg6 Qxg6 27. Qh4 Qg4 28. Qe1 Rfd7 29. Rb1 Rd2 30. Rf2 Rd1 31. Rxd1 Rxd1 32. Rf1 Rxe1 33. Rxe1 Be6 34. Rc1 Qe2 35. a3 Bxc4 36. Rb1 Qxe3+ 37. Kh2 b5 38. Rd1 Bd3 39. Rh1 h5 40. f5 Qg5 41.
Rd1 Qxf5 42. Bg3 h4 43. Bxh4 Qg4 0-1